 Dungeon Crawl Stone Soup version 0.28-a0-991-g956f0ee3d5 (webtiles) character file.

Game seed: 17438139577618517561

149 Aksej the Ducker (level 5, -1/37 HPs)
             Began as an Octopode Monk on Dec 5, 2021.
             Slain by an orc wizard (4 damage)
             ... on level 3 of the Dungeon.
             The game lasted 00:09:54 (2616 turns).

Aksej the Ducker (Octopode Monk)                    Turns: 2616, Time: 00:09:54

Health: -1/37      AC:  1    Str: 10    XL:     5   Next: 31%
Magic:  5/5        EV: 15    Int: 12    God:
Gold:   89         SH:  0    Dex: 17    Spells: 4/4 levels left

rFire   . . .      SeeInvis .     - Unarmed
rCold   . . .      Faith    .   (no shield)
rNeg    . . .      Spirit   .   (helmet restricted)
rPois   .          Reflect  .   (no amulet)
rElec   .          Harm     .   (no ring)
rCorr   .          Rampage  .   (no ring)
Will    .....                   (no ring)
Stlth   ++++......              (no ring)
HPRegen 0.12/turn               (no ring)
MPRegen 0.09/turn               (no ring)
                                (no ring)
                                (no ring)

@: on berserk cooldown, slowed, very slow
A: almost no armour, amphibious, 8 rings, camouflage 1, gelatinous body 1,
(nimble swimmer 1), tentacles
a: no special abilities


You were on level 3 of the Dungeon.
You visited 1 branch of the dungeon, and saw 4 of its levels.

You collected 89 gold pieces.

Inventory:

Missiles
 c - 4 javelins (quivered)
Jewellery
 e - a ring of flight
Scrolls
 b - a scroll of enchant weapon


   Skills:
 * Level 3.9 Fighting
 * Level 4.2 Dodging
 + Level 3.7 Stealth
 + Level 3.8 Unarmed Combat


You had 4 spell levels left.
You didn't know any spells.
Your spell library contained the following spells:

 Spells                   Type           Power      Damage    Failure   Level
 Olgreb's Toxic Radiance  Pois           0%         N/A       97%         4
 Ozocubu's Refrigeration  Ice            0%         4d5       100%        7
 Ignition                 Fire           0%         3d3       100%        8


Dungeon Overview and Level Annotations

Branches:
Dungeon (4/15)
 Temple: D:4-7

Altars:
Dithmenos


Innate Abilities, Weirdness & Mutations

You cannot wear most types of armour.
You are amphibious.
You can wear up to eight rings at the same time.
Your skin changes colour to match your surroundings (Stealth+).
Your rubbery body absorbs attacks. (AC +1, EV +1)
((You are camouflaged near water. (Stealth+)))
You have tentacles for arms and can constrict up to eight enemies at once.


Message History

The orc wizard hits you with a +2 dagger of protection.
You bump into the rock wall.
You feel a strong urge to attack something.
You bump into the rock wall.
The orc wizard completely misses you.
You bump into the rock wall.
You feel your anger nearly subside.
You bump into the rock wall.
You are no longer berserk.
You are exhausted.
You feel yourself slow down.
The orc wizard points at you and mumbles some strange words.
The puff of flame misses you.
You're too confused to move!
The orc wizard hits you with a +2 dagger of protection.
The orc wizard hits you with a +2 dagger of protection!
You barely miss the orc wizard. You squeeze the orc wizard.
The orc wizard is almost dead.
You feel less confused. The orc wizard casts a spell at you.
You are confused.
Unknown command.
You tentacle-slap the orc wizard but do no damage.
The orc wizard is almost dead.
The orc wizard closely misses you.
You're too confused to move!
The orc wizard casts a spell.
The orc wizard flickers and vanishes!
Deactivating autopickup; reactivate with Ctrl-A.
Something hits you.
* * * LOW HITPOINT WARNING * * *
You are too confused!
You bump into the rock wall.
You hear some strange, mumbled words.
A puff of flame appears from out of thin air!
The puff of flame hits you!
* * * LOW HITPOINT WARNING * * *
You barely miss something.
You feel less confused. Something hits you.
You die...

........# #.........# ........#
#....(....# ........# o........
........# ....... ........#
.......#### ........#
KoJ......### ........# #o#
#...####### ........###### #{#
##......... ........#....# #@#
#......... ........#....#
#.#######.........
....#####....###......>..........
...#### #....#...#######.........
.)....###......#.### #.........
)##.#......##......## ##########
.##.....#####....#..## ....#.#.##
#....##..# .####....####....###.#


You could see 2 orcs, an endoplasm and a kobold.

Vanquished Creatures
  An orc priest (D:3)
  6 adders
  3 dart slugs (D:1)
  10 orcs (D:3)
  7 ball pythons
  2 endoplasms
  A giant cockroach (D:3)
  6 goblins
  4 hobgoblins
  2 quokkas
  5 kobolds
  2 rats
49 creatures vanquished.

Vanquished Creatures (others)
  4 withered plants (D:4)
4 creatures vanquished.

Grand Total: 53 creatures vanquished

Notes
Turn   | Place    | Note
-------+----------+-------------------------------------------
     0 | D:1      | Aksej the Octopode Monk began the quest for the Orb.
     0 | D:1      | Reached XP level 1. HP: 16/16 MP: 1/1
   204 | D:1      | Reached XP level 2. HP: 19/21 MP: 2/2
   804 | D:2      | Reached XP level 3. HP: 24/26 MP: 3/3
  1044 | D:2      | You fall into a shaft and drop 2 floors!
  1123 | D:4      | Reached XP level 4. HP: 18/33 MP: 4/4
  1883 | D:3      | Found a shadowy altar of Dithmenos.
  1904 | D:3      | Reached skill level 4 in Dodging
  1910 | D:3      | Reached XP level 5. HP: 20/37 MP: 5/5
  2320 | D:3      | Found a faded altar of an unknown god.
  2616 | D:3      | Slain by an orc wizard

Illustrated notes

Levels and vault maps discovered:
D:1:      wander_arrival_desolate, layout_basic, minmay_octomino_e4
D:2:      layout_rooms, eino_curves_02
D:3:      layout_rooms, mainiacjoe_overflow_small_starburst,
          shapermc_ecumenical_altar_gd
D:4:      layout_basic, nzn_hepliaklqana_mist_gate, kiku_gazebo_garden_becter,
          portal_sewer_entry_e, minmay_snake_closets

Skill      XL: |  1  2  3  4 |
---------------+-------------+-----
Stealth        | 3 |  3.7
Dodging        | 4 |  4.2
Fighting       | |  3.9
Unarmed Combat | |  3.8

Action                   |  1- 3 |  4- 6 || total
-------------------------+-------+-------++-------
Melee: Unarmed           |    56 |    59 ||   115
       Constrict         |    16 |    15 ||    31
       Tentacles         |     8 |    14 ||    22
       Punch             |       |     1 ||     1
Throw: Javelin           |     1 |    11 ||    12
  Use: Scroll            |     3 |     3 ||     6
       Potion            |       |     1 ||     1
 Stab: Sleeping          |     6 |     5 ||    11
Armor: Skin              |     5 |     1 ||     6
Dodge: Dodged            |    32 |    24 ||    56

Table legend: (Time is in decaauts)
 A = Elapsed time spent in this place.
 B = Non-inter-level travel time spent in this place.
 C = Inter-level travel time spent in this place.
 D = Time resting spent in this place.
 E = Time spent auto-exploring this place.
 F = Levels seen in this place.
 G = Mean time per level.
                   A        B        C        D        E       F      G
               +--------+--------+--------+--------+--------+-----+--------+
         Total |   2617 |   2566 |     51 |      0 |   2175 |   4 |  654.2 |
       Dungeon |   2617 |   2566 |     51 |      0 |   2175 |   4 |  654.2 |
               +--------+--------+--------+--------+--------+-----+--------+

Top non-repeatable levels by time:
     D:2: 844 daAuts
     D:3: 758 daAuts
     D:1: 749 daAuts
     D:4: 265 daAuts
